 Dungeon Crawl Stone Soup version 0.29-a0-1014-ga8c0faee3b (webtiles) character file.

Game seed: 2624847014394528099

25973 2tc the Destroyer (level 13, -2/123 HPs)
             Began as a Naga Conjurer on Aug 9, 2022.
             Was the Champion of Jiyva.
             Slain by an eight-headed hydra (8 damage)
             ... on level 2 of the Lair of Beasts.
             The game lasted 01:05:03 (10955 turns).

2tc the Destroyer (Naga Conjurer)                  Turns: 10955, Time: 01:05:04

Health: -2/123     AC: 15    Str:  6 (10) XL:     13   Next: 23%
Magic:  22/22      EV: 11    Int: 18 (21) God:    Jiyva [******]
Gold:   412        SH:  0    Dex: 12      Spells: 13/24 levels left

rFire   . . .      SeeInvis +   f - +3 dagger (venom)
rCold   . . .      Faith    .   (no shield)
rNeg    . . .      Spirit   .   q - +2 robe {Will+}
rPois   +          Reflect  .   (no helmet)
rElec   .          Harm     .   h - +1 cloak
rCorr   +          Rampage  .   (no gloves)
Will    ++++.                   (no barding)
Stlth   +++.......              (no amulet)
HPRegen 1.90/turn               (no ring)
MPRegen 0.68/turn               (no ring)

@: hasted, quick
A: AC +4, large, see invisible, deformed body, poison resistance, slowness 2,
spit poison 1, naga tail 2, iridescent scales 3, deterioration 2, strong-willed
2, translucent skin 2, MP-powered wands
a: Spit Poison, Renounce Religion, Oozemancy, Slimify


You were on level 2 of the Lair of Beasts.
You worshipped Jiyva.
Jiyva was exalted by your worship.
You visited 3 branches of the dungeon, and saw 16 of its levels.
You also visited: Sewer and Ossuary.

You collected 412 gold pieces.

Inventory:

Hand Weapons
 f - a +3 dagger of venom (weapon)
 o - a +0 spectral quarterstaff
 s - a +2 hand axe of flaming
 w - a +1 dagger of distortion
Missiles
 v - 4 throwing nets
Armour
 a - a +0 robe
 h - a +1 cloak (worn)
 m - a +2 robe of resistance
 p - +0 steam dragon scales
 q - a +2 robe of willpower (worn)
Jewellery
 n - a +6 ring of intelligence
Wands
 r - a wand of polymorph (8)
 t - a wand of iceblast (4)
 u - a wand of flame (18)
 x - a wand of paralysis (4)
Scrolls
 l - 9 scrolls of identify
Potions
 b - 2 potions of magic
 c - a potion of attraction
 d - 2 potions of mutation
 e - a potion of haste
 g - 6 potions of curing
 i - 4 potions of lignification
 j - 2 potions of flight
 k - 2 potions of heal wounds
Miscellaneous
 z - a condenser vane


   Skills:
 - Level 10.0 Fighting
 - Level 10.0 Short Blades
 - Level 6.0 Dodging
 - Level 3.0 Stealth
 - Level 6.0 Spellcasting
 - Level 13.3 Conjurations
 + Level 5.3 Hexes
 - Level 4.0 Translocations


You had 13 spell levels left.
You knew the following spells:

 Your Spells              Type           Power      Damage    Failure   Level
a - Magic Dart            Conj           100%       1d8       1%          1
b - Searing Ray           Conj           100%       2d8       1%          2
c - Fulminant Prism       Conj/Hex       19%        3d11      2%          4
d - Iskenderun's Mystic   Conj/Tloc      36%        2d9       3%          4

Your spell library contained the following spells:

 Spells                   Type           Power      Damage    Failure   Level
 Static Discharge         Conj/Air       29%        3-7/arc   1%          2
 Dazzling Flash           Conj/Hex       78%        N/A       1%          3
 Blink                    Tloc           38%        N/A       3%          2
 Tukima's Dance           Hex            24%        N/A       4%          3
 Portal Projectile        Hex/Tloc       44%        N/A       5%          3
 Ensorcelled Hibernation  Hex/Ice        28%        N/A       6%          2
 Lesser Beckoning         Tloc           19%        N/A       7%          3
 Inner Flame              Hex/Fire       14%        N/A       12%         3
 Lightning Bolt           Conj/Air       14%        1d28      22%         5
 Manifold Assault         Tloc           19%        N/A       54%         5
 Blade Hands              Tmut           2%         N/A       97%         5
 Simulacrum               Ice/Necr       2%         N/A       100%        6
 Necromutation            Tmut/Necr      2%         N/A       100%        8


Dungeon Overview and Level Annotations

Branches:
Dungeon (12/15)            Temple (1/1) D:4            Lair (3/5) D:10
    Orc (0/2) D:9           Sewer (visited)         Ossuary (visited)
  Swamp: Lair:2-3    Shoals: Lair:2-3     Snake: Lair:2-3    Spider: Lair:2-3

Altars:
Ashenzari
Cheibriados
Dithmenos
Elyvilon
Fedhas
Gozag
Hepliaklqana
Kikubaaqudgha
Makhleb
Nemelex Xobeh
Okawaru
Qazlal
Ru
Sif Muna
Trog
Uskayaw
Vehumet
Wu Jian
Xom
Yredelemnul
Zin
The Shining One
Jiyva

Shops:
D:5 [   D:7 :   D:8 *

Annotations:
D:11 1 runed translucent door, Querens's ghost, journeyman MeFi


Innate Abilities, Weirdness & Mutations

Your serpentine skin is tough. (AC +4)
You have supernaturally acute eyesight. (SInv)
Armour fits poorly on your strangely shaped body.
Your system is resistant to poisons. (rPois)
You cover ground very slowly.
You can spit poison.
You can use your snake-like lower body to constrict enemies.
You are completely covered in iridescent scales. (AC +6)
Your body often deteriorates upon taking damage.
You are highly strong-willed. (Will++)
Your translucent skin reduces your foes' accuracy. (Stealth+)
You expend magic power (3 MP) to strengthen your wands.


Message History

The searing ray hits the eight-headed hydra.
The eight-headed hydra is moderately wounded.
The searing ray hits the black mamba.
The black mamba is heavily wounded.
You finish channelling your searing ray.
The eight-headed hydra bites you. x3
The eight-headed hydra closely misses you.
The eight-headed hydra bites you. The eight-headed hydra bites you!
The eight-headed hydra bites you. x2
You feel much better. The eight-headed hydra bites you!
Your body deteriorates!
You feel dopey. The eight-headed hydra bites you.
The eight-headed hydra misses you. The eight-headed hydra bites you!
* * * LOW HITPOINT WARNING * * *
The eight-headed hydra bites you but does no damage.
The eight-headed hydra bites you!
* * * LOW HITPOINT WARNING * * *
The eight-headed hydra bites you!
* * * LOW HITPOINT WARNING * * *
The eight-headed hydra barely misses you.
Okay, then.
Okay, then.
You feel yourself speed up.
The eight-headed hydra bites you but does no damage.
The eight-headed hydra closely misses you.
The eight-headed hydra bites you.
* * * LOW HITPOINT WARNING * * *
The eight-headed hydra bites you!
* * * LOW HITPOINT WARNING * * *
The eight-headed hydra bites you but does no damage. x3
The eight-headed hydra barely misses you.
The eight-headed hydra attacks as you move away!
The eight-headed hydra bites you but does no damage.
The eight-headed hydra closely misses you.
The eight-headed hydra barely misses you.
The eight-headed hydra bites you.
* * * LOW HITPOINT WARNING * * *
The eight-headed hydra bites you but does no damage.
The eight-headed hydra bites you!
You die...

#.## #...# #...#......## ####
##.## ######..###.# ### ##.# ###
#.####.# ###.## ..##
#...######....# ..#
##....#........# ..## #####
#............#.# .#.##
##...#####..J..........#
.##.######P...##.D.S..#.#......##
....##......#..#@####.#.......##
..................# ####......#
..................######......#
...........J.................P##
.#...........#.....#..#......P.##
..<........J<...........#.......#
.....<.................#........#
................................#
......#.......................P..


You could see an eight-headed hydra, a black mamba and 3 neutral jellies (fellow
slime).

Vanquished Creatures
  Harold (D:10)
  3 hydras
  A two-headed ogre (D:11)
  Erolcha (D:11)
  3 death yaks (Lair:3)
  Sonja (D:10)
  A wizard (D:11)
  Pikel (D:8)
  An ugly thing (D:11)
  2 black mambas (Lair:2)
  A kobold demonologist (D:11)
  5 cane toads
  5 komodo dragons
  3 trolls
  A polar bear (Lair:3)
  A hornet (D:9)
  8 blink frogs
  A wraith (D:11)
  28 yaks
  4 wyverns
  Eustachio (D:6)
  2 steam dragons
  6 basilisks
  An acid dragon (D:10)
  8 water moccasins
  An orc warrior (D:9)
  3 ice beasts (D:7)
  A sky beast (D:7)
  17 wolves
  2 centaurs
  3 lemures (D:8)
  3 kobold brigands
  An elf zombie (Ossuary)
  A gnoll sergeant (D:5)
  6 bullfrogs
  5 scorpions
  7 wights (D:8)
  4 killer bees (D:9)
  2 jellies (Lair:2)
  9 howler monkeys
  A centaur zombie (Ossuary)
  A hound (D:7)
  A gnoll bouda (D:7)
  4 orc priests
  Natasha (twice) (D:3)
  3 iguanas
  4 orc wizards
  2 mummies (Ossuary)
  12 gnolls
  3 adders
  3 river rats (Sewer)
  An adder zombie (Ossuary)
  A worm (D:3)
  A dart slug (D:2)
  22 orcs
  4 bats
  3 endoplasms (D:1)
  3 giant cockroaches
  4 goblins
  A hobgoblin (D:1)
  2 jackals (D:1)
  5 quokkas
  A ball python (D:3)
  2 frilled lizards
  3 goblin zombies (Ossuary)
  12 hobgoblin zombies (Ossuary)
  10 kobolds
  6 kobold zombies (Ossuary)
  11 orc zombies (Ossuary)
  6 rats
  2 rat zombies (Ossuary)
291 creatures vanquished.

Vanquished Creatures (collateral kills)
  A wizard (D:11)
  A deep elf zephyrmancer (D:11)
  A komodo dragon (Lair:2)
  A yak (Lair:2)
  A steam dragon (D:6)
  An ogre (D:6)
  An iguana (D:6)
  A hobgoblin (D:3)
8 creatures vanquished.

Vanquished Creatures (others)
  A slime creature (D:10)
  An orc warrior (D:9)
  A swamp drake (D:9)
  A wolf (Lair:1)
  A centaur (D:6)
  A kobold brigand (D:5)
  A bullfrog (D:8)
  A hound (D:5)
  29 jellies
  Natasha (D:3)
  2 orc wizards
  4 gnolls (D:5)
  An adder (D:5)
  A shadow imp (D:8)
  An ufetubus (D:6)
  An endoplasm (D:3)
  5 orcs
  A bat (D:2)
  A giant cockroach (D:2)
  3 goblins (D:2)
  A frilled lizard (D:3)
  6 kobolds
  2 rats (D:2)
  A bush (D:10)
  56 fulminant prisms
  39 fungi
  58 plants
221 creatures vanquished.

Grand Total: 520 creatures vanquished

Notes
Turn   | Place    | Note
-------+----------+-------------------------------------------
     0 | D:1      | 2tc the Naga Conjurer began the quest for the Orb.
     0 | D:1      | Reached XP level 1. HP: 15/15 MP: 3/3
   206 | D:1      | Reached XP level 2. HP: 15/22 MP: 0/5
   425 | D:1      | Found a faded altar of an unknown god.
   429 | D:1      | Learned a level 2 spell: Searing Ray
   446 | D:1      | Prayed at the altar of an unknown god.
   446 | D:1      | Became a worshipper of Jiyva Jujookap the Shapeless
   446 | D:1      | Reached * piety under Jiyva
   652 | D:1      | Reached skill level 5 in Conjurations
   652 | D:1      | Reached XP level 3. HP: 22/28 MP: 2/6
   908 | D:2      | Reached ** piety under Jiyva
  1387 | D:2      | Reached *** piety under Jiyva
  1675 | D:3      | Found a glowing drain.
  1686 | Sewer    | Entered a sewer
  1696 | Sewer    | Reached XP level 4. HP: 8/36 MP: 3/7
  1770 | Sewer    | Noticed a kobold brigand
  1771 | Sewer    | Noticed a kobold brigand
  1781 | Sewer    | Killed a kobold brigand
  1782 | Sewer    | Reached skill level 6 in Conjurations
  1782 | Sewer    | Reached XP level 5. HP: 42/42 MP: 4/8
  1786 | Sewer    | Killed a kobold brigand
  1805 | Sewer    | Found a white marble altar of Elyvilon.
  1971 | D:3      | Learned a level 4 spell: Fulminant Prism
  1991 | D:3      | Reached skill level 7 in Conjurations
  2016 | D:3      | Reached XP level 6. HP: 31/49 MP: 2/9
  2020 | D:3      | Reached skill level 1 in Hexes
  2034 | D:3      | Noticed Natasha
  2038 | D:3      | Killed Natasha
  2145 | D:3      | Noticed Natasha
  2220 | D:3      | Killed Natasha
  2248 | D:3      | Reached **** piety under Jiyva
  2249 | D:3      | Noticed Natasha
  2252 | D:3      | Killed Natasha
  2480 | D:4      | Gained mutation: Your rubbery body absorbs attacks. (AC +1,
                  | EV +1) [Jiyva's grace]
  2480 | D:4      | Gained mutation: Your pliable body absorbs attacks. (AC +2,
                  | EV +2) [Jiyva's grace]
  2480 | D:4      | Gained mutation: Your gelatinous body deflects attacks. (AC
                  | +3, EV +3) [Jiyva's grace]
  2480 | D:4      | Gained mutation: Your melee attacks may engulf your foes in
                  | ooze. [Jiyva's grace]
  2480 | D:4      | Found a staircase to the Ecumenical Temple.
  2489 | Temple   | Entered the Ecumenical Temple
  2891 | D:5      | Entered Level 5 of the Dungeon
  2897 | D:5      | Found Zoiwno's Antique Armour Emporium.
  2948 | D:5      | Reached XP level 7. HP: 36/55 MP: 5/10
  3002 | D:5      | Found a sand-covered staircase.
  3007 | Ossuary  | Entered an ossuary
  3241 | Ossuary  | Reached skill level 8 in Conjurations
  3456 | D:5      | Reached ***** piety under Jiyva
  3463 | D:5      | Noticed a wraith
  3552 | D:5      | Found a blossoming altar of Fedhas.
  3552 | D:5      | Found a hazy altar of Hepliaklqana.
  3552 | D:5      | Found a snail-covered altar of Cheibriados.
  3552 | D:5      | Found a sparkling altar of Nemelex Xobeh.
  3553 | D:5      | Found a hide-covered altar of Uskayaw.
  3553 | D:5      | Found a shimmering blue altar of Sif Muna.
  3554 | D:5      | Found an ancient bone altar of Kikubaaqudgha.
  3555 | D:5      | Found a white marble altar of Elyvilon.
  3555 | D:5      | Found a broken altar of Ashenzari.
  3556 | D:5      | Found a shadowy altar of Dithmenos.
  3674 | D:6      | Reached skill level 9 in Conjurations
  3774 | D:6      | Reached XP level 8. HP: 62/62 MP: 11/11
  3956 | D:6      | Learned a level 4 spell: Iskenderun's Mystic Blast
  4063 | D:6      | Reached skill level 1 in Translocations
  4162 | D:6      | Noticed Eustachio
  4176 | D:6      | Killed Eustachio
  4385 | D:7      | Lost mutation: Your gelatinous body deflects attacks. (AC
                  | +3, EV +3) [Jiyva's grace]
  4385 | D:7      | Gained mutation: You expend magic power (3 MP) to
                  | strengthen your wands. [Jiyva's grace]
  4385 | D:7      | Gained mutation: A frigid envelope surrounds you and
                  | freezes all who hurt you. [Jiyva's grace]
  4385 | D:7      | Gained mutation: You are strong-willed. (Will+) [Jiyva's
                  | grace]
  4385 | D:7      | Gained mutation: You are highly strong-willed. (Will++)
                  | [Jiyva's grace]
  4533 | D:7      | Reached skill level 10 in Conjurations
  4533 | D:7      | Reached XP level 9. HP: 56/68 MP: 11/13
  4755 | D:7      | Reached skill level 11 in Conjurations
  4820 | D:7      | Found Sewum's Book Emporium.
  4952 | D:8      | Noticed Pikel
  4963 | D:8      | Killed Pikel
  5011 | D:8      | Reached skill level 5 in Spellcasting
  5109 | D:8      | Found Reiheyc's General Store.
  5962 | D:9      | Reached skill level 1 in Fighting
  6048 | D:9      | Noticed a hornet
  6054 | D:9      | Killed a hornet
  6055 | D:9      | Reached XP level 10. HP: 80/84 MP: 10/19
  6385 | D:9      | Reached skill level 5 in Fighting
  6385 | D:9      | Reached skill level 1 in Short Blades
  6544 | D:9      | Found a staircase to the Orcish Mines.
  6776 | D:10     | Entered Level 10 of the Dungeon
  6776 | D:10     | Reached ****** piety under Jiyva
  6776 | D:10     | You fall into a shaft and drop 1 floor!
  6778 | D:11     | Found a runed translucent door.
  6779 | D:11     | Noticed Querens's ghost (journeyman MeFi)
  6779 | D:11     | Noticed a brown ugly thing
  6838 | D:11     | Noticed Erolcha
  6850 | D:11     | Killed Erolcha
  6851 | D:11     | Reached skill level 5 in Short Blades
  6953 | D:11     | Noticed a kobold demonologist
  6955 | D:11     | Noticed a soul eater
  6956 | D:11     | Noticed a two-headed ogre
  6960 | D:11     | Noticed a soul eater
  6962 | D:11     | Killed a kobold demonologist
  6971 | D:11     | Killed a two-headed ogre
  6985 | D:11     | Noticed a red ugly thing
  6997 | D:11     | Killed a red ugly thing
  6998 | D:11     | Reached XP level 11. HP: 47/94 MP: 7/20
  7040 | D:11     | Lost mutation: A frigid envelope surrounds you and freezes
                  | all who hurt you. [Jiyva's grace]
  7040 | D:11     | Lost mutation: Your pliable body absorbs attacks. (AC +2,
                  | EV +2) [Jiyva's grace]
  7040 | D:11     | Lost mutation: Your rubbery body absorbs attacks. (AC +1,
                  | EV +1) [Jiyva's grace]
  7040 | D:11     | Gained mutation: You have a small jelly attached to you
                  | that may absorb projectiles. [Jiyva's grace]
  7040 | D:11     | Gained mutation: You have acidic saliva. [Jiyva's grace]
  7040 | D:11     | Gained mutation: Your translucent skin slightly reduces
                  | your foes' accuracy. (Stealth+) [Jiyva's grace]
  7040 | D:11     | Gained mutation: Your translucent skin reduces your foes'
                  | accuracy. (Stealth+) [Jiyva's grace]
  7126 | D:11     | Noticed a wizard
  7135 | D:11     | Noticed a wizard
  7136 | D:11     | Killed a wizard
  7138 | D:11     | Noticed a deep elf zephyrmancer
  7141 | D:11     | Killed a deep elf zephyrmancer
  7144 | D:11     | Killed a wizard
  7145 | D:11     | Got Loetoobi's Directory of Dhcmrlchtdj
  7169 | D:11     | Got Ts'ui PĂȘn's Octavo of Forking Paths
  7176 | D:11     | Got Sif Muna's Directory of Combed Thunderclap
  7495 | D:10     | Found a staircase to the Lair.
  7560 | D:10     | Reached skill level 10 in Short Blades
  7617 | D:10     | Found a transporter.
  7655 | D:10     | Noticed a great orb of eyes
  7657 | D:10     | Found a viscous altar of Jiyva.
  7659 | D:10     | Noticed a glowing orange brain
  7695 | D:10     | Found a transporter.
  7724 | D:10     | Noticed Sonja
  7727 | D:10     | Killed Sonja
  7731 | D:10     | Noticed Harold
  7841 | D:10     | Reached skill level 5 in Dodging
  7852 | D:10     | Killed Harold
  8127 | Lair:1   | Entered Level 1 of the Lair of Beasts
  8230 | Lair:1   | Reached XP level 12. HP: 67/104 MP: 7/21
  8781 | Lair:1   | Lost mutation: You are highly strong-willed. (Will++)
                  | [Jiyva's grace]
  8781 | Lair:1   | Lost mutation: Your melee attacks may engulf your foes in
                  | ooze. [Jiyva's grace]
  8781 | Lair:1   | Gained mutation: You are partially covered in iridescent
                  | scales. (AC +2) [Jiyva's grace]
  8781 | Lair:1   | Gained mutation: You are mostly covered in iridescent
                  | scales. (AC +4) [Jiyva's grace]
  8781 | Lair:1   | Gained mutation: You are completely covered in iridescent
                  | scales. (AC +6) [Jiyva's grace]
  8781 | Lair:1   | Gained mutation: You are highly strong-willed. (Will++)
                  | [Jiyva's grace]
  9036 | Lair:2   | Was placed under penance by Jiyva
  9040 | Lair:2   | Noticed a seven-headed hydra
  9074 | Lair:1   | Gained mutation: Your body sometimes deteriorates upon
                  | taking damage. [the all-consuming vengeance of Jiyva]
  9074 | Lair:1   | Gained mutation: Your body often deteriorates upon taking
                  | damage. [the all-consuming vengeance of Jiyva]
  9074 | Lair:1   | Lost mutation: You have a small jelly attached to you that
                  | may absorb projectiles. [the all-consuming vengeance of
                  | Jiyva]
  9444 | Lair:2   | Lost mutation: You have acidic saliva. [the all-consuming
                  | vengeance of Jiyva]
  9750 | Lair:2   | Was forgiven by Jiyva
  9892 | Lair:2   | Noticed a six-headed hydra
  9909 | Lair:2   | Killed a six-headed hydra
  9910 | Lair:2   | Reached skill level 10 in Fighting
  9913 | Lair:2   | Was placed under penance by Jiyva
  9918 | Lair:2   | Killed a seven-headed hydra
 10298 | Lair:3   | Noticed a four-headed hydra
 10308 | Lair:3   | Killed a four-headed hydra
 10407 | Lair:2   | Was forgiven by Jiyva
 10426 | Lair:3   | Reached skill level 12 in Conjurations
 10580 | Lair:3   | Gained mutation: You can use your snake-like lower body to
                  | constrict enemies. [Naga growth]
 10580 | Lair:3   | Reached XP level 13. HP: 88/123 MP: 20/22
 10716 | Lair:3   | Reached skill level 13 in Conjurations
 10897 | Lair:3   | Reached skill level 5 in Hexes
 10955 | Lair:2   | HP: 6/123 [eight-headed hydra (3)]
 10955 | Lair:2   | Slain by an eight-headed hydra

Illustrated notes

Levels and vault maps discovered:
D:1:      doesnt_arrival_eight_statues, layout_basic,
          ebering_ecumenical_altar_mist, nrook_mini_backslash
D:2:      layout_loops_corners, kennysheep_generic_room_16
D:3:      layout_basic, portal_sewer_entry_f, uniq_natasha
D:4:      layout_rooms, minmay_temple_entry_wispy
D:5:      layout_rooms, nicolae_overflows_in_rows, serial_shops, shop,
          enter_ossuary_5, lightli_corner_chamber
D:6:      layout_loops_ring, nicolae_zen_rock_garden, uniq_eustachio
D:7:      layout_basic, serial_shops, nicolae_lakefront_shop, dk_noncrumbling_3
D:8:      layout_loops_ring, serial_shops, nicolae_shop_statue_plus, uniq_pikel
D:9:      nicolae_BIG_FREAKIN_CUBE, layout_basic, erik_orc_1
D:10:     gammafunk_jiyva_shrine, layout_basic, minmay_lair_entry_grove,
          uniq_harold, uniq_sonja
D:11:     layout_loops_ring, ebering_ghost_inner_flame,
          bh_hangedman_babel_library, uniq_erolcha
D:12:     layout_long_grid
Temple:   nicolae_temple_ecumenical_triangle
Lair:1:   layout_loops_ring, infiniplex_staircase_pool_2
Lair:2:   layout_misc_corridors
Lair:3:   minmay_lair_oklob_chamber, layout_cave_shapes, swamp_mist_pool,
          nicolae_spider_entry_non_spiders

Skill      XL: |  1  2  3  4  5  6  7  8  9 10 11 12 13 |
---------------+----------------------------------------+-----
Conjurations   | 5 6 7 9 10 11 12 13 | 13.3
Hexes          | 2 3 4 5 |  5.3
Spellcasting   | 3 6 |  6.0
Translocations | 4 |  4.0
Fighting       | 3 5 10 | 10.0
Short Blades   | 8 10 | 10.0
Dodging        | 6 |  6.0
Stealth        | |  3.0

Action                   |  1- 3 |  4- 6 |  7- 9 | 10-12 | 13-15 || total
-------------------------+-------+-------+-------+-------+-------++-------
Melee: Club              |    11 |       |       |       |       ||    11
       Dagger            |    24 |    26 |    50 |   257 |    47 ||   404
       Punch             |     1 |       |     2 |     7 |       ||    10
       Bite              |       |       |       |    30 |       ||    30
       Constrict         |       |       |       |       |     8 ||     8
 Cast: Magic Dart        |    38 |    28 |   197 |   108 |    34 ||   405
       Searing Ray       |     2 |     7 |    22 |    29 |     5 ||    65
       Fulminant Prism   |       |       |     7 |    42 |     7 ||    56
       Iskenderun's Myst |       |       |     2 |    57 |     5 ||    64
Invok: Oozemancy         |       |       |       |       |     1 ||     1
  Use: Scroll            |     3 |     6 |     8 |     8 |       ||    25
       Potion            |       |       |       |     2 |     4 ||     6
 Stab: Sleeping          |     1 |     2 |     2 |     2 |       ||     7
Armor: Robe              |     4 |    11 |    51 |   116 |    50 ||   232
       Steam dragon scal |       |       |     2 |       |       ||     2
Dodge: Dodged            |    15 |    18 |    81 |   223 |    50 ||   387

Table legend: (Time is in decaauts)
 A = Elapsed time spent in this place.
 B = Non-inter-level travel time spent in this place.
 C = Inter-level travel time spent in this place.
 D = Time resting spent in this place.
 E = Time spent auto-exploring this place.
 F = Levels seen in this place.
 G = Mean time per level.
                   A        B        C        D        E       F      G
               +--------+--------+--------+--------+--------+-----+--------+
         Total |  13735 |  13074 |    661 |    772 |   9899 |  18 |  763.1 |
       Dungeon |   9877 |   9477 |    400 |    314 |   7671 |  12 |  823.1 |
        Temple |     38 |     38 |      0 |      0 |     25 |   1 |   38.0 |
          Lair |   3189 |   2928 |    261 |    436 |   1892 |   3 | 1063.0 |
         Sewer |    239 |    239 |      0 |     22 |    142 |   1 |  239.0 |
       Ossuary |    389 |    389 |      0 |      0 |    168 |   1 |  389.0 |
               +--------+--------+--------+--------+--------+-----+--------+

Top non-repeatable levels by time:
  Lair:1: 1493 daAuts
  Lair:2: 1357 daAuts
     D:9: 1216 daAuts
     D:2: 1141 daAuts
     D:8: 1098 daAuts
     D:1: 978 daAuts
    D:11: 939 daAuts
     D:6: 937 daAuts
     D:3: 896 daAuts
    D:10: 759 daAuts
     D:7: 758 daAuts
     D:5: 592 daAuts
     D:4: 556 daAuts
 Ossuary: 389 daAuts
  Lair:3: 339 daAuts
